Mobius V, chaotic male elven Wizard ----------- ----------- |.........%#######*#################################..........| |.........| |.........| |..........# |.........| |.........|# |........<| --.-------- ----------- ## # ### d a @ # | . . . --- Mobius V the Conjurer Experience level: 4 Strength: 10 Dexterity: 13 Constitution: 13 Intelligence: 18 Wisdom: 10 Charisma: 12 Health: 0(16) Energy: 30(30) Def: 2 Gold: 315 Moves: 2124 Dungeon seed: MXJydVJAEbLBUwIy Game ID: Mobius V_1540486338 Your Inventory: Coins $ - 315 gold pieces Weapons a - a blessed +1 quarterstaff (alternate weapon; not wielded) r - a cursed -1 elven dagger (weapon in hand) Armor i - an uncursed +0 cloak of magic resistance (being worn) n - an uncursed +0 pair of kicking boots (being worn) Comestibles o - 2 uncursed food rations Potions z - an uncursed potion of speed B - an uncursed potion of sickness Scrolls l - a blessed scroll of magic mapping y - a cursed scroll of fire C - an uncursed scroll of light Spellbooks d - a blessed spellbook of magic missile q - an uncursed spellbook of drain life x - an uncursed spellbook of blank paper D - an uncursed spellbook of magic mapping Rings s - an uncursed ring of free action Wands b - an uncursed wand of striking (0:2) Tools e - an uncursed leather drum k - a cursed oil lamp (0:1279) t - an uncursed tin whistle w - an uncursed blindfold A - an uncursed brass lantern (0:1309) Spells and supernatural/magical abilities: Spell marked with ':' is quivered. Name Level Category Cost Memory a - force bolt 1 : attack 5pw 97% r - remove curse 3 clerical 136pw 99% S - stone to flesh 3 healing 136pw 98% W - pray for help -- divine ? -- Your skills at the end: Fighting Skills wands [Basic] Weapon Skills quarterstaff [Basic] Spellcasting Skills attack spells [Basic] enchantment spells [Basic] Final Attributes: You were piously aligned. You were immune to sleep. You were magic resistant. You saw invisible. You had infravision. You were lucky. Anhur was noncommittal. You are dead. Vanquished creatures: a straw golem 4 giant ants a rothe a centipede a giant bat an acid blob 2 coyotes 2 hobbits a large kobold a brown mold 3 gnomes a gnome zombie 2 geckos a kobold a goblin a sewer rat 2 grid bugs a lichen 2 kobold zombies 3 newts 32 creatures vanquished. Voluntary challenges: You were an atheist. You used a wielded weapon 9 times, starting on turn 88. You read items or engraved 14 times, starting on turn 1. You never genocided any monsters. You never polymorphed an object. You never changed form. You used no wishes. You never split a pudding. You never wrote Elbereth's name. You never violated your personal moral code. Dungeon overview: The Dungeons of Doom: levels 1 to 8 Level 1 a long staircase Level 2 a vault stairs to The Gnomish Mines Level 3 a sink Level 4 Level 5 a potion shop, some fountains, a vault Level 6 Level 7 a sink Level 8 <- You were here The Gnomish Mines: Level 3 stairs to The Dungeons of Doom History has recorded: On T:1 you entered the Dungeons of Doom to retrieve the Amulet of Yendor! On T:224 you reached level 2 of The Dungeons of Doom. On T:267 you reached level 1 of The Gnomish Mines. On T:368 you advanced to experience level 2. On T:661 you reached level 3 of The Dungeons of Doom. On T:734 you advanced to experience level 3. On T:962 you reached level 4 of The Dungeons of Doom. On T:1240 you advanced to experience level 4. On T:1330 you reached level 5 of The Dungeons of Doom. On T:1778 you reached level 6 of The Dungeons of Doom. On T:1978 you reached level 7 of The Dungeons of Doom. On T:2024 you reached level 8 of The Dungeons of Doom. Score breakdown: Gold: 315 ( 8503 points) Experience: 4 levels ( 9649 points) Exploration: 8 levels ( 17.39%) (11832 points) Discoveries: 3 items ( 1.05%) ( 3067 points) Valuables value: (no points given unless you survive) Artifact value: 0 ( 0 points) Variety of kills: 20 monsters ( 5.26%) ( 6882 points) Turncount: 2124 turns ( -89 points) Survival: died (score multiplied by 80%) Total score: 31875 Latest messages: You hear some noises nearby. (3x) There is a doorway here. There are a few objects here. D - a yellow spellbook. The food ration misses the pony. o - a food ration. The dog misses the soldier ant. (2x) The soldier ant bites the dog. The soldier ant misses the dog. The dog misses the soldier ant. You hear a crunching sound. You start playing the leather drum. You beat a deafening row! The soldier ant turns to flee! The dog turns to flee! You start playing the leather drum. You beat a deafening row! The soldier ant turns to flee! The soldier ant bites! The soldier ant stings! You die... Final status: Goodbye Mobius V the Wizard, killed by a soldier ant... You died in The Dungeons of Doom on dungeon level 8 with 31875 points, and 315 pieces of gold, after 2124 moves. You were level 4 with a maximum of 16 hit points when you died.